 Dungeon Crawl Stone Soup version 0.17-a0-1-g1f4be75 (webtiles) character file.

1279 McCoppin the Covert (level 8, -1/51 HPs)
             Began as a Felid Berserker on Mar 8, 2015.
             Was a Priest of Trog.
             Slain by a killer bee (5 damage)
             ... on level 7 of the Dungeon.
             The game lasted 00:29:12 (7521 turns).

McCoppin the Covert (Felid Berserker)               Turns: 7521, Time: 00:29:12

Health: -1/51      AC:  5    Str: 18    XL:     8   Next: 29%
Magic:  13/13      EV: 19    Int:  8    God:    Trog [***...]
Gold:   325        SH:  0    Dex: 18    Spells: 0 memorised, 7 levels left
                                        Lives:  0   Deaths: 2

rFire  . . .     SeeInvis +       - Unarmed
rCold  + . .     Clarity  .     (armour unavailable)
rNeg   . . .     SustAb   .     (shield unavailable)
rPois  .         Gourm    .     (helmet unavailable)
rElec  .         Spirit   .     (cloak unavailable)
rCorr  .         Warding  .     (gloves unavailable)
rMut   .         Stasis   .     (boots unavailable)
MR     +++..                    (no amulet)
Stlth  ..........               j - +3 ring of protection
                                d - ring of stealth

@: berserking, lethally poisoned (-1 -> -1), regenerating, very quick, extremely
resistant to hostile enchantments, extremely unstealthy
A: paw claws, no armour, no weapons or thrown items, fangs 3, see invisible,
carnivore 3, cold resistance 1, speed 1, shaggy fur 2, slow metabolism 1, wild
magic 1, forlorn, sharp paws
a: Burn Spellbooks, Berserk, Trog's Hand, Renounce Religion


You were on level 7 of the Dungeon.
You worshipped Trog.
Trog was most pleased with you.
You were not hungry.

You visited 1 branch of the dungeon, and saw 7 of its levels.

You collected 325 gold pieces.

Inventory:

Jewellery
 d - a ring of stealth (left paw)
 j - a +3 ring of protection (right paw)
 n - an uncursed amulet of resist mutation
Scrolls
 e - 3 scrolls of blinking
 f - 4 scrolls of teleportation
 g - 4 scrolls of identify
 h - a scroll of noise
 q - 2 scrolls of remove curse
Potions
 a - a potion of curing
 k - a potion of restore abilities
 m - a potion of brilliance
 p - a potion of heal wounds
 r - a potion of resistance
Books
 b - a book of Power

   Spells                             Type                      Level
   a - Fulminant Prism                Conjuration/Hexes            4
   b - Iskenderun's Mystic Blast      Conjuration                  4
   c - Venom Bolt                     Conjuration/Poison           5
   d - Bolt of Magma                  Conjuration/Fire/Earth       5
   e - Iron Shot                      Conjuration/Earth            6
   f - Orb of Destruction             Conjuration                  7
   g - Spellforged Servitor           Conjuration/Summoning        7
   Trog disapproves of the use of such an item.
 i - a book of Death

   Spells                             Type                      Level
   a - Corpse Rot                     Necromancy                   2
   b - Sublimation of Blood           Necromancy                   2
   c - Agony                          Necromancy                   5
   d - Dispel Undead                  Necromancy                   5
   e - Excruciating Wounds            Charms/Necromancy            5
   f - Bolt of Draining               Conjuration/Necromancy       5
   Trog disapproves of the use of such an item.
Comestibles
 c - 4 meat rations
 l - 2 slices of pizza


   Skills:
 - Level 3.0 Fighting
 - Level 4.0 Dodging
 + Level 13.2 Stealth
 - Level 7.7 Unarmed Combat


You had 7 spell levels left.
You didn't know any spells.

Dungeon Overview and Level Annotations

Branches:
Dungeon (7/15)             Temple (0/1) D:4

Altars:
Cheibriados
The Shining One


Innate Abilities, Weirdness & Mutations

You cannot wear armour.
You are incapable of wielding weapons or throwing items.
You have razor-sharp teeth.
You have supernaturally acute eyesight.
You are carnivorous and can eat meat at any time.
You cover ground quickly.
You are covered in thick fur (AC +2).
You have a slow metabolism.
Your paws have sharp claws that are effective at stabbing.
Your flesh is cold resistant.
Your spells are a little harder to cast, but a little more powerful.
You have difficulty communicating with the divine.


Message History

You claw the killer bee!
The killer bee is severely wounded.
The killer bee misses you. The killer bee stings you.
* * * LOW HITPOINT WARNING * * *
The killer bee barely misses you.
You miss the killer bee.
The killer bee is severely wounded.
The killer bee stings you but does no damage.
The killer bee misses you. The killer bee closely misses you.
You miss the killer bee.
The killer bee is severely wounded.
The killer bee closely misses you. The killer bee stings you!
* * * LOW HITPOINT WARNING * * *
The killer bee closely misses you.
You closely miss the killer bee.
The killer bee is severely wounded.
You feel sick. The killer bee closely misses you. The killer bee stings you.
* * * LOW HITPOINT WARNING * * *
The killer bee stings you.
You die...

#######.##########.#########
#<...............#..........
#.#####.##.....###.#########
#........#.###<###.#####.l
##########.##.#.............#
#.....................#######
###.#############...........
#.# #.......y.....#.##### #.#
#......y@...#.#># #.#
#......y..$.#.#.# #.#
.#......##.#.#.# #.#
#.........#.#.# #.#
#.........#.#. #.#
######....... #.# .## ##.#.#.
#.# #... ... #.###..# .


You could see 3 killer bees.

Vanquished Creatures
  The ghost of vatarom the Magician, an experienced DrTm of Jiyva (D:5)
  A hippogriff (D:7)
  A sky beast (D:7)
  A black bear (D:6)
  3 ogres
  Sigmund (D:5)
  2 killer bees (D:7)
  A scorpion (D:7)
  2 goliath beetles (D:6)
  A wasp zombie (D:5)
  2 hounds
  2 crimson imps (D:5)
  Crazy Yiuf (D:2)
  A giant frog zombie (D:5)
  A centaur zombie (D:5)
  An iron imp (D:5)
  A jelly (D:7)
  A giant frog skeleton (D:4)
  An iguana (D:5)
  3 orc wizards (D:4)
  7 worker ants
  Ijyb (D:2)
  A hound zombie (D:5)
  Robin (D:3)
  8 gnolls
  7 adders
  A giant mite (D:4)
  A shadow imp (D:6)
  4 worms
  An adder zombie (D:5)
  An ooze (D:5)
  26 orcs
  3 ball pythons
  A bat skeleton (D:6)
  A bat zombie (D:6)
  6 giant cockroaches
  20 hobgoblins
  7 jackals
  2 quokkas
  4 bats
  3 giant geckos
  8 giant newts
  25 goblins
  A goblin skeleton (D:5)
  A goblin zombie (D:5)
  4 hobgoblin zombies (D:5)
  7 kobolds
  A kobold skeleton (D:5)
  A kobold zombie (D:5)
  An orc skeleton (D:5)
  An orc zombie (D:5)
  A quokka skeleton (D:5)
  16 rats
201 creatures vanquished.

Notes
Turn   | Place    | Note
--------------------------------------------------------------
     0 | D:1      | McCoppin, the Felid Berserker, began the quest for the Orb.
     0 | D:1      | Reached XP level 1. HP: 10/10 MP: 2/2
   620 | D:1      | Reached XP level 2. HP: 14/14 MP: 3/3
  1144 | D:2      | Noticed Crazy Yiuf
  1543 | D:2      | Reached XP level 3. HP: 17/17 MP: 5/5
  1640 | D:2      | Acquired Trog's second power
  1876 | D:2      | Killed Crazy Yiuf
  1876 | D:2      | Reached skill level 5 in Unarmed Combat
  1876 | D:2      | Reached XP level 4. HP: 14/21 MP: 7/7
  1878 | D:2      | Noticed Ijyb
  1903 | D:2      | Killed Ijyb
  2291 | D:2      | Noticed an ogre
  2421 | D:3      | Slain by a gnoll
  2422 | D:3      | Reached XP level 3. HP: -4/17 MP: 5/5
  2434 | D:3      | Noticed Robin
  2437 | D:3      | Reached XP level 4. HP: 21/21 MP: 7/7
  2444 | D:3      | Killed Robin
  2578 | D:3      | Reached skill level 6 in Unarmed Combat
  3181 | D:3      | Reached XP level 5. HP: 5/24 MP: 8/8
  3826 | D:4      | Reached skill level 7 in Unarmed Combat
  3830 | D:4      | Gained mutation: You are covered in thick fur (AC +2). [growing up]
  3830 | D:4      | Reached XP level 6. HP: 28/28 MP: 10/10
  4229 | D:4      | Found a staircase to the Ecumenical Temple.
  4258 | D:4      | Acquired Trog's third power
  4878 | D:4      | Reached skill level 1 in Stealth
  4993 | D:5      | Entered Level 5 of the Dungeon
  5279 | D:5      | Noticed Sigmund
  5340 | D:5      | Reached XP level 7. HP: 31/31 MP: 12/12
  5373 | D:5      | Reached skill level 5 in Stealth
  5684 | D:5      | Noticed vatarom's ghost (experienced DrTm)
  5693 | D:5      | Killed vatarom's ghost
  5693 | D:5      | Reached skill level 8 in Stealth
  5693 | D:5      | Reached XP level 8. HP: 34/34 MP: 13/13
  5777 | D:5      | Found a glowing golden altar of the Shining One.
  5785 | D:5      | Reached skill level 9 in Stealth
  5903 | D:5      | Killed Sigmund
  6333 | D:6      | Reached skill level 10 in Stealth
  6949 | D:6      | Reached skill level 11 in Stealth
  7297 | D:7      | Mangled by an orc warrior
  7298 | D:7      | Reached XP level 7. HP: -13/31 MP: 12/12
  7305 | D:7      | Reached skill level 12 in Stealth
  7367 | D:7      | Gained mutation: You have difficulty communicating with the divine. [mutagenic meat]
  7368 | D:7      | Gained mutation: Your flesh is cold resistant. [mutagenic meat]
  7369 | D:7      | Gained mutation: Your spells are a little harder to cast, but a little more powerful. [mutagenic meat]
  7379 | D:7      | Reached XP level 8. HP: 28/34 MP: 13/13
  7489 | D:7      | Found a snail-covered altar of Cheibriados.
  7508 | D:7      | Reached skill level 13 in Stealth
  7521 | D:7      | Slain by a killer bee

Action                   |  1- 3 |  4- 6 |  7- 9 || total
-------------------------+-------+-------+-------++-------
Melee: Unarmed           |    90 |   206 |   169 ||   465
Invok: Berserk           |     8 |     5 |     8 ||    21
       Trog's Hand       |     2 |     3 |     5 ||    10
  Use: Scroll            |     5 |     2 |     6 ||    13
       Potion            |     1 |     7 |       ||     8
 Stab: Sleeping          |     2 |    11 |    22 ||    35
       Distracted        |       |     1 |     2 ||     3
  Eat: Chunk             |    14 |    17 |     7 ||    38
